 Dungeon Crawl Stone Soup version 0.18-a0-1718-g40ea4b6 (webtiles) character file.

193 suvakkihuora the Covert (level 5, -9/25 HPs)
             Began as a Spriggan Warper on Apr 8, 2016.
             Shot with an arrow by a centaur (15 damage)
             ... on level 8 of the Dungeon.
             The game lasted 00:12:30 (3879 turns).

suvakkihuora the Covert (Spriggan Warper)           Turns: 3879, Time: 00:12:31

Health: -9/25      AC:  6    Str:  7    XL:     5   Next: 43%
Magic:  10/10      EV: 22    Int: 15    God:
Gold:   82         SH:  0    Dex: 16    Spells: 2 memorised, 6 levels left

rFire  . . .     SeeInvis +     a - +0 short sword
rCold  . . .     Gourm    .     b - +1 robe
rNeg   . . .     Faith    .     (shield restricted)
rPois  .         Spirit   .     e - +2 hat
rElec  .         Dismiss  .     r - +0 cloak
rCorr  .         Reflect  .     (gloves unavailable)
SustAt .         Harm     .     (boots unavailable)
MR     .....                    (no amulet)
Stlth  ++++......               s - ring of flight
                                m - +4 ring of evasion

@: very quick, not resistant to hostile enchantments, stealthy
A: unfitting armour, see invisible, herbivore 3, speed 3, slow metabolism 2
a: Evoke Flight


You were on level 8 of the Dungeon.
You were full.

You visited 1 branch of the dungeon, and saw 8 of its levels.

You collected 142 gold pieces.
You spent 60 gold pieces at shops.

Inventory:

Hand Weapons
 a - a +0 short sword (weapon)
Armour
 b - a +1 robe (worn)
 e - a +2 hat (worn)
 r - a +0 cloak (worn)
Jewellery
 m - a +4 ring of evasion (left hand)
 s - a ring of flight (right hand)
Wands
 z - a wand of disintegration (4/24)
 C - a wand of digging (15/24)
Scrolls
 d - a scroll of blinking
 i - 2 scrolls of remove curse
 j - 2 scrolls of teleportation
 o - a scroll of recharging {unknown}
 p - a scroll of immolation {unknown}
 v - a scroll of amnesia {unknown}
 w - a scroll of noise {unknown}
 D - 2 scrolls of random uselessness {unknown}
Potions
 g - a potion of invisibility {unknown}
 l - a potion of degeneration {unknown}
 n - 3 potions of flight {unknown}
 q - 2 potions of mutation {unknown}
 t - a potion of agility {unknown}
 u - a potion of heal wounds {unknown}
 A - a potion of magic {unknown}
 B - a potion of might {unknown}
Books
 c - a book of Spatial Translocations

   Spells                             Type                      Level
   a - Apportation                    Translocation                1
   b - Blink                          Translocation                2
   c - Shroud of Golubria             Charms/Translocation         2
   d - Portal Projectile              Translocation                3
   e - Teleport Other                 Translocation                3
   f - Passage of Golubria            Translocation                4
 x - a book of Summonings

   Spells                             Type                      Level
   a - Recall                         Summoning/Translocation      3
   b - Aura of Abjuration             Summoning                    5
   c - Summon Demon                   Summoning                    5
   d - Summon Forest                  Summoning/Translocation      5
   e - Summon Mana Viper              Hexes/Summoning              5
   f - Shadow Creatures               Summoning                    6
 y - a book of Enchantments

   Spells                             Type                      Level
   a - Cause Fear                     Hexes                        4
   b - Yara's Violent Unravelling     Hexes/Transmutation          5
   c - Silence                        Hexes/Air                    5
   d - Deflect Missiles               Charms/Air                   6
   e - Haste                          Charms                       6
   f - Discord                        Hexes                        8
Comestibles
 f - 2 bread rations
 h - 3 fruits
 k - a slice of pizza


   Skills:
 - Level 1.5 Fighting
 - Level 2.1 Short Blades
 - Level 1.0 Throwing
 - Level 3.5 Dodging
 + Level 8.3 Stealth
 - Level 2.6 Spellcasting
 - Level 4.4 Translocations


You had 6 spell levels left.
You knew the following spells:

 Your Spells              Type           Power        Failure   Level  Hunger
a - Apportation           Tloc           ###.......   3%          1    #......
b - Blink                 Tloc           N/A          6%          2    ##.....


Dungeon Overview and Level Annotations

Branches:
Dungeon (8/15)
 Temple: D:4-7         Lair: D:8-11

Altars:
Pakellas
Ru

Shops:
D:4 *

Annotations:
D:2 Ijyb


Innate Abilities, Weirdness & Mutations

You are tiny and cannot use many weapons and most armour.
You have supernaturally acute eyesight.
You are a herbivore.
You cover ground extremely quickly.
You need consume almost no food.


Message History

The jelly is almost dead.
The jelly hits you.
You are splashed with acid!
The acid burns!
* * * LOW HITPOINT WARNING * * *
You hit the jelly.
You kill the jelly!
Your Stealth skill increases to level 8!
You start resting.
Unknown command.
A hound comes into view.
A hound is nearby!
Found 19 stones.
You see here 19 stones.
A centaur is nearby!
The centaur shouts!
The centaur wields a shortbow.
The centaur shoots an arrow.
The arrow completely misses you.
You see here an arrow.
The centaur shoots an arrow.
The arrow hits you!
Ouch! That really hurt!
You die...

#.# # #.# #.. # #.# ... #
#.# #.. # #.# #.# #
######### #.# #.#
#.##.....F.. ..# #.#
###.#...###### ### #.#
#............. ## #@#
#.#)#...###### .# #.#
#....#.## .##
############(###....#.#
..###...........c##.......#
._...........(............#
#####.#############.......#
#.# ##....### #.#
#######....######## #.#
#.................#


You could see a centaur.

Vanquished Creatures
  A giant frog (D:8)
  A jelly (D:8)
  A hound (D:4)
  A hound skeleton (D:6)
  An adder (D:7)
  A shadow imp (D:6)
  An adder zombie (D:6)
  A dart slug (D:2)
  3 giant geckos
  An orc (D:4)
  A ball python (D:1)
  A goblin (D:2)
  A jackal (D:3)
  2 quokkas
  5 bats (D:3)
  A giant cockroach zombie (D:3)
  3 kobolds
  A rat (D:2)
27 creatures vanquished.

Notes
Turn   | Place    | Note
--------------------------------------------------------------
     0 | D:1      | suvakkihuora the Spriggan Warper began the quest for the Orb.
     0 | D:1      | Reached XP level 1. HP: 10/10 MP: 5/5
    90 | D:4      | Reached skill level 1 in Stealth
   317 | D:5      | Entered Level 5 of the Dungeon
   449 | D:3      | Reached skill level 2 in Stealth
   771 | D:3      | Found a sacrificial altar of Ru.
   799 | D:3      | Noticed a sky beast
   873 | D:2      | Reached XP level 2. HP: 4/14 MP: 6/6
   878 | D:2      | Reached skill level 3 in Stealth
  1315 | D:2      | Noticed Ijyb
  1606 | D:6      | Reached skill level 4 in Stealth
  1606 | D:6      | Reached XP level 3. HP: 15/18 MP: 8/8
  1662 | D:4      | Noticed an ogre
  1683 | D:4      | Found Wurpheq's Assorted Antiques.
  1691 | D:4      | Bought an inky potion for 20 gold pieces
  1691 | D:4      | Bought a blue potion for 20 gold pieces
  1691 | D:4      | Bought a bubbling silvery potion for 20 gold pieces
  2396 | D:4      | Noticed a sky beast
  2474 | D:4      | Reached skill level 5 in Stealth
  2687 | D:5      | Reached XP level 4. HP: 22/22 MP: 9/9
  2850 | D:6      | Reached skill level 6 in Stealth
  3053 | D:7      | Noticed an orc warrior
  3093 | D:8      | Noticed a giant frog
  3127 | D:8      | Learned a level 2 spell: Blink
  3190 | D:8      | Noticed a gnoll sergeant
  3198 | D:8      | Noticed a phantom
  3263 | D:8      | Killed a giant frog
  3263 | D:8      | Reached skill level 7 in Stealth
  3263 | D:8      | Reached XP level 5. HP: 25/25 MP: 10/10
  3312 | D:8      | Noticed a two-headed ogre
  3312 | D:8      | Noticed a centaur
  3329 | D:8      | Noticed a hungry ghost
  3590 | D:8      | Found an oddly glowing altar of Pakellas.
  3754 | D:8      | Noticed an ice beast
  3796 | D:8      | Noticed an ice beast
  3801 | D:8      | Noticed a hippogriff
  3837 | D:8      | Reached skill level 8 in Stealth
  3879 | D:8      | Shot with an arrow by a centaur

Vault maps used:
D:1:      dpeg_arrival_boxes_within_box
D:2:      uniq_iyjb, uniq_sigmund
D:3:      wad_floor_pattern_untrapped, hangedman_decor_points,
          kennysheep_cross_room, nicolae_ru_great_annihilating_truth
D:4:      serial_shops, shop_fountains, minmay_liquid_box, grunt_decor_clamped
D:5:      serial_corexii_hall, corexii_hall_statues_x, corexii_hall_statues_t,
          first_bread, goddamned_bats
D:6:      okawaru_altar_gauntlet_db, temple_fountains
D:7:      nicolae_ossuary_entry_false_entrances, grunt_decor_arrowhead
D:8:      overflow_temple_1_default, amethyst_overflow_temple_binary,
          grunt_pizzeria

Skill      XL: |  1  2  3  4  5 |
---------------+----------------+-----
Stealth        | 2 4 5 7 8 |  8.3
Fighting       | |  1.5
Short Blades   | |  2.1
Throwing       | |  1.0
Dodging        | |  3.5
Spellcasting   | |  2.6
Translocations | |  4.4

Action                   |  1- 3 |  4- 6 || total
-------------------------+-------+-------++-------
Melee: Short sword       |    84 |    34 ||   118
Throw: Tomahawk          |     5 |       ||     5
Evoke: Wand              |       |     6 ||     6
  Use: Scroll            |     2 |     3 ||     5
 Stab: Sleeping          |     4 |     2 ||     6
  Eat: Bread ration      |       |     1 ||     1
